 Dungeon Crawl Stone Soup version 0.32-a0-360-gcd93b57 (webtiles) character file.

Game seed: 18129258396110204926

9326 staltz the Martial Artist (level 11, -3/75 HPs)
             Began as a Djinni Shapeshifter on Feb 18, 2024.
             Was an Elder of Wu Jian.
             Slain by a blink frog (11 damage)
             ... on level 1 of the Lair of Beasts.
             The game lasted 00:53:14 (14630 turns).

staltz the Martial Artist (Djinni Shapeshifter)    Turns: 14630, Time: 00:53:15

Health: -3/75      AC: 12    Str: 15    XL:     11   Next: 72%
Gold:   98         EV: 16    Int: 12    God:    Wu Jian [****..] SH:  5 Dex: 15

rFire   + +          .
                       - Unarmed
rCold   x . .        (no shield)
rNeg    . . .        F - +0 steam dragon scales
rPois   ∞            b - +2 helmet
rElec   .            g - +0 cloak
rCorr   .            E - +1 pair of gloves
SInv    .            (boots unavailable)
Will    +....        G - amulet of reflection
Stlth   ++           (no ring)
HPRegen 0.32/turn    (no ring)
MPRegen 0.00/turn

%: reflection, infuse magic (-4 HP)
@: exhausted, flying
A: sickness immunity, fire resistance 2, cold vulnerability 1, float, innate
caster, HP casting, extra vitality 1
a: Renounce Religion, Wall Jump, Serpent's Lash


You were on level 1 of the Lair of Beasts.
You worshipped Wu Jian.
Wu Jian was greatly pleased with you.
You visited 3 branches of the dungeon, and saw 12 of its levels.
You also visited: Sewer.

You collected 598 gold pieces.
You spent 500 gold pieces at shops.

Inventory:

Missiles
 v - a boomerang (quivered)
 B - 3 datura-tipped darts
 D - 4 poisoned darts
 L - a curare-tipped dart
Armour
 b - a +2 helmet (worn)
 g - a +0 cloak (worn)
 n - a +1 leather armour of cold resistance
 E - a +1 pair of gloves (worn)
 F - +0 steam dragon scales (worn)
 I - +0 ice dragon scales
Magical Staves
 i - a staff of air
Jewellery
 G - an amulet of reflection (around neck)
 H - an amulet of regeneration
Talismans
 c - a beast talisman
 d - a flux talisman
Scrolls
 a - a scroll of brand weapon {unknown}
 l - a scroll of enchant armour {unknown}
 o - a scroll of poison
 q - 2 scrolls of revelation
 r - 2 scrolls of enchant weapon
 s - a scroll of amnesia {unknown}
 u - a scroll of vulnerability {unknown}
 x - a scroll of fog {unknown}
 y - 3 scrolls of immolation
 z - a scroll of blinking
 A - a scroll of noise {unknown}
 C - a scroll of fear {unknown}
 K - a scroll of acquirement {unknown}
Potions
 e - 11 potions of curing
 f - 3 potions of heal wounds
 h - 2 potions of haste
 j - 3 potions of attraction
 k - 3 potions of might
 m - 5 potions of enlightenment
 p - 2 potions of mutation {unknown}
 t - 2 potions of degeneration {unknown}
 w - a potion of brilliance


   Skills:
 * Level 5.1 Fighting
 - Level 2.1 Throwing
 - Level 3.7 Armour
 * Level 9.3 Dodging
 - Level 3.2 Stealth
 - Level 1.0 Shields
 - Level 10.4 Unarmed Combat
 * Level 4.7 Spellcasting
 * Level 4.7 Conjurations
 * Level 4.7 Hexes
 * Level 4.7 Summonings
 * Level 4.7 Necromancy
 * Level 4.7 Translocations
 * Level 4.7 Fire Magic
 * Level 4.7 Ice Magic
 * Level 4.7 Air Magic
 * Level 4.7 Earth Magic
 * Level 4.7 Alchemy
 - Level 5.8 Shapeshifting


You knew the following spells:

 Your Spells              Type           Power      Damage    Failure   Level
a - Foxfire               Conj/Fire      56%        2x1d6     3%          1
b - Static Discharge      Conj/Air       28%        3-5/arc   4%          2
c - Summon Ice Beast      Ice/Summ       14%        N/A       9%          3
d - Vhi's Electric Charg  Tloc/Air       28%        N/A       28%         4
e - Iskenderun's Battles  Conj           14%        2d7       63%         5
Your spell library was empty.

Dungeon Overview and Level Annotations

Branches:
Dungeon (10/15)            Temple (1/1) D:5            Lair (1/5) D:8
    Orc (0/2) D:9           Sewer (visited)

Altars:
Ashenzari
Cheibriados
Dithmenos
Elyvilon
Fedhas
Gozag
Hepliaklqana
Makhleb
Nemelex Xobeh
Okawaru
Qazlal
Ru
Trog
Uskayaw
Wu Jian
Xom
Yredelemnul
Zin
The Shining One
Beogh

Shops:
D:5 !   D:8 [

Annotations:
D:8 3 runed translucent doors, ironshield's ghost, novice KoEE
D:9 Gastronok


Innate Abilities, Weirdness & Mutations

You are immune to sickness and miasma.
You are immune to poison.
Your flesh is very heat resistant. (rF++)
You are vulnerable to cold. (rC-)
You float through the air rather than walking.
You learn spells naturally, not from books.
Your magical power is your life essence.
You have superior vitality. (+4 MHP)


Message History

The blink frog barely misses your ice beast.
The blink frog hits your ice beast but does no damage.
Your ice beast hits the blink frog.
Your ice beast freezes the blink frog!
The blink frog barely misses your ice beast.
Your ice beast closely misses the blink frog.
The blink frog hits your ice beast!
Your ice beast dies!
Your ice beast disappears in a puff of smoke!
The blink frog blinks!
Casting: Summon Ice Beast (dangerous; 9% risk of failure)
Confirm with . or Enter, or press ? or * to list all spells.
A chill wind blows around you.
* * * LOW HITPOINT WARNING * * *
The blink frog blinks!
Unknown command.
You swap places.
The blink frog blinks!
Your ice beast closely misses the blink frog.
Something barely misses your ice beast.
Your ice beast misses the blink frog.
The blink frog blinks!
The blink frog blinks!
Your muscles tense, ready for explosive movement...
You lunge with incredible momentum at the blink frog.
You punch the blink frog!
The blink frog is severely wounded.
You spin and attack the blink frog, with incredible momentum.
You punch the blink frog!
The blink frog is almost dead.
Your supernatural speed expires.
Press: ? - help, v - describe, . - travel
Here: a blink frog (almost dead, ally target)
The floor.
Unknown command.
Okay, then.
You spin and attack the blink frog.
You closely miss the blink frog.
The blink frog is almost dead.
The blink frog hits you.
* * * LOW HITPOINT WARNING * * *
The blink frog hits you!
You die...

### P... .## #...#.. ..######
#.....# # #[.....## #....#
############ ##......####...#
##.....#..... ##............#
###.......§####
#.............####...Y.....P#
#
##............○☼F.....§:....#
#........†....@......F.....#
#.............###..........P#
##...........###
#...........# #.#..........#
#...........# ###.####...#.#
#..........### ### #######
############


You could see 2 blink frogs and a friendly ice beast (summoned).

Vanquished Creatures
  A two-headed ogre (D:8)
  Prince Ribbit (D:6)
  A blink frog (Lair:1)
  A shadow (D:10)
  A wraith (D:10)
  7 yaks
  Eustachio (D:4)
  2 steam dragons
  Edmund (D:4)
  2 acid dragons
  7 water moccasins
  3 black bears
  2 ice beasts (D:6)
  3 orc warriors (D:9)
  3 sky beasts
  3 ogres
  3 kobold brigands
  5 bullfrogs
  2 scorpions
  2 gnoll sergeants
  26 wights
  A jelly (D:5)
  4 howler monkeys
  5 bombardier beetles
  Crazy Yiuf (D:2)
  2 hounds
  2 iguanas (D:7)
  7 orc priests
  5 orc wizards
  Robin (D:4)
  9 gnolls
  10 adders
  2 ufetubi (D:6)
  3 ribbon worms
  2 dart slugs
  34 orcs
  10 ball pythons
  3 endoplasms (D:1)
  3 giant cockroaches
  17 goblins
  8 hobgoblins
  8 jackals
  4 quokkas
  A bat (D:1)
  7 frilled lizards
  20 kobolds
  13 rats
259 creatures vanquished.

Vanquished Creatures (collateral kills)
  A wyvern (D:9)
  2 yaks (D:10)
  A water moccasin (D:9)
  An orc warrior (D:9)
  2 howler monkeys (D:9)
  2 orc priests (D:9)
  An orc wizard (D:6)
  5 gnolls (D:10)
  3 orcs (D:9)
  A foxfire (D:9)
19 creatures vanquished.

Vanquished Creatures (others)
  An orc warrior (D:9)
  A bullfrog (D:6)
  An orc (D:6)
  66 foxfires
69 creatures vanquished.

Grand Total: 347 creatures vanquished

Notes
Turn   | Place    | Note
-------+----------+-------------------------------------------
     0 | D:1      | staltz the Djinni Shapeshifter began the quest for the Orb.
     0 | D:1      | Reached XP level 1. HP: 17/17 MP: 0/0
    78 | D:1      | Reached XP level 2. HP: 19/22 MP: 0/0
   238 | D:1      | Reached XP level 3. HP: 27/27 MP: 0/0
   238 | D:1      | Learned a level 1 spell: Foxfire
   316 | D:1      | You are sucked into a shaft and drop 1 floor!
   533 | D:1      | Reached XP level 4. HP: 23/32 MP: 0/0
  1218 | D:2      | Found a shimmering altar of Xom.
  1309 | D:2      | Reached skill level 4 in Unarmed Combat
  1707 | D:2      | Found a runed translucent door.
  1708 | D:2      | Identified the +3 hammer of the Disturbing Coins {flame,
                  | Will++ Dex+3}
  1708 | D:2      | Noticed Crazy Yiuf
  1872 | D:3      | Reached XP level 5. HP: 16/37 MP: 0/0
  1872 | D:3      | Learned a level 2 spell: Static Discharge
  2266 | D:3      | Found an iron altar of Okawaru.
  2718 | D:3      | Reached skill level 1 in Armour
  2718 | D:3      | Reached XP level 6. HP: 21/43 MP: 0/0
  2962 | D:4      | Noticed Eustachio
  3063 | D:4      | Found an ornate altar of the Wu Jian Council.
  3067 | D:4      | Became a worshipper of the Wu Jian Council
  3177 | D:4      | Reached skill level 5 in Unarmed Combat
  3347 | D:4      | Reached XP level 7. HP: 9/48 MP: 0/0
  3347 | D:4      | Learned a level 3 spell: Summon Ice Beast
  3534 | D:4      | Noticed Edmund
  3621 | D:4      | Reached skill level 1 in Stealth
  3627 | D:4      | Found a stormy altar of Qazlal.
  3682 | D:4      | Killed Eustachio
  3763 | D:4      | Noticed Robin
  3791 | D:4      | Killed Robin
  3798 | D:4      | Reached * piety under Wu Jian
  3941 | D:4      | Reached skill level 6 in Unarmed Combat
  4341 | D:5      | Entered Level 5 of the Dungeon
  4348 | D:5      | Reached XP level 8. HP: 54/54 MP: 0/0
  4360 | D:5      | Found a bloodstained altar of Trog.
  4965 | D:5      | Reached skill level 7 in Unarmed Combat
  5102 | D:5      | Found Zuddofoq's Distillery.
  5106 | D:5      | Bought a potion of brilliance for 40 gold pieces
  5106 | D:5      | Bought a potion of might for 40 gold pieces
  5106 | D:5      | Bought a potion of haste for 100 gold pieces
  5106 | D:5      | Bought a potion of enlightenment for 50 gold pieces
  5566 | D:5      | Found a staircase to the Ecumenical Temple.
  5621 | Temple   | Found a transporter.
  5621 | Temple   | Found a transporter.
  5621 | Temple   | Found a transporter.
  5621 | Temple   | Found a transporter.
  5621 | Temple   | Entered the Ecumenical Temple
  5928 | D:6      | Reached XP level 9. HP: 44/59 MP: 0/0
  5928 | D:6      | Learned a level 4 spell: Vhi's Electric Charge
  5978 | D:6      | Found a glowing drain.
  5978 | D:6      | Reached ** piety under Wu Jian
  5979 | D:6      | Reached skill level 8 in Unarmed Combat
  5982 | Sewer    | Entered a sewer
  6243 | Sewer    | Found a white marble altar of Elyvilon.
  6876 | D:6      | Reached skill level 5 in Dodging
  7100 | D:6      | Noticed Prince Ribbit
  7316 | D:6      | Reached skill level 9 in Unarmed Combat
  7756 | D:7      | Reached skill level 1 in Throwing
  8185 | D:7      | Reached *** piety under Wu Jian
  8438 | D:7      | Reached skill level 5 in Shapeshifting
  8438 | D:7      | Reached XP level 10. HP: 46/67 MP: 0/0
  8724 | D:7      | Reached skill level 10 in Unarmed Combat
  9032 | D:6      | Killed Prince Ribbit
  9768 | D:4      | Killed Edmund
  9974 | D:2      | Killed Crazy Yiuf
 10122 | D:5      | Bought 2 potions of attraction for 60 gold pieces
 10204 | D:8      | Noticed a two-headed ogre
 10227 | D:8      | Found a glowing silver altar of Zin.
 10357 | D:8      | Reached skill level 1 in Spellcasting
 10357 | D:8      | Reached skill level 1 in Conjurations
 10357 | D:8      | Reached skill level 1 in Hexes
 10357 | D:8      | Reached skill level 1 in Summonings
 10357 | D:8      | Reached skill level 1 in Necromancy
 10357 | D:8      | Reached skill level 1 in Translocations
 10357 | D:8      | Reached skill level 1 in Fire Magic
 10357 | D:8      | Reached skill level 1 in Ice Magic
 10357 | D:8      | Reached skill level 1 in Air Magic
 10357 | D:8      | Reached skill level 1 in Earth Magic
 10357 | D:8      | Reached skill level 1 in Alchemy
 10362 | D:8      | Found a runed translucent gate.
 10369 | D:8      | Found a runed translucent gate.
 10369 | D:8      | Found a runed translucent gate.
 10375 | D:8      | Noticed ironshield's ghost (novice KoEE)
 10724 | D:8      | Found a staircase to the Lair.
 10794 | D:8      | Found Liomy's Antique Armour Shop.
 10802 | D:8      | Bought a pair of glowing gloves for 210 gold pieces
 11265 | D:8      | Killed a two-headed ogre
 11655 | D:9      | Reached XP level 11. HP: 56/72 MP: 0/0
 11655 | D:9      | Learned a level 5 spell: Iskenderun's Battlesphere
 12044 | D:9      | Found a staircase to the Orcish Mines.
 12097 | D:9      | Found a roughly hewn altar of Beogh.
 12872 | D:10     | Entered Level 10 of the Dungeon
 13043 | D:10     | Reached **** piety under Wu Jian
 13675 | D:9      | Noticed Gastronok
 14011 | D:10     | Reached skill level 1 in Shields
 14222 | D:10     | Found a basalt altar of Yredelemnul.
 14223 | D:10     | Found a shadowy altar of Dithmenos.
 14395 | Lair:1   | Entered Level 1 of the Lair of Beasts
 14405 | Lair:1   | Reached skill level 5 in Fighting
 14630 | Lair:1   | Slain by a blink frog

Illustrated notes

Levels and vault maps discovered:
D:1:      sevenhm_arrival_forest_fort_small_6, layout_basic,
          minmay_misc_feat_chi, st_stairs_7, due_unseen_surprise
D:2:      layout_basic, basic_altar, kennysheep_generic_room_15,
          uniq_crazy_yiuf_cottage
D:3:      layout_loops_ring, okawaru_gym_becter
D:4:      kennysheep_spiral_hall, layout_basic,
          nicolae_qazlal_scattered_showers, mainiacjoe_overflow_24_doors,
          hex_tiny, uniq_edmund, uniq_robin, uniq_eustachio
D:5:      layout_basic, mainiacjoe_overflow_tiny_flanked, temple_doors_ab,
          serial_shops, nicolae_shop_back_alley_shop, sigmund_army
D:6:      layout_loops_corners, mainiacjoe_sewer_entry_somewhere_in_here_1,
          uniq_prince_ribbit1
D:7:      layout_basic
D:8:      layout_loops_ring, amcnicky_altar_gilded, lair_entry_dummy,
          serial_shops, shop, gammafunk_ghost_nasty_kobolds
D:9:      layout_irregular_city, minmay_orc_entry_temple_small, uniq_gastronok
D:10:     layout_basic, minitemple
Temple:   hellmonk_temple_divided_pantheon
Lair:1:   layout_cave_pods, infiniplex_staircase_pool_2, serial_bayou_shore_a

Skill      XL: |  1  2  3  4  5  6  7  8  9 10 11 |
---------------+----------------------------------+-----
Shapeshifting  | 3 4 5 |  5.8
Unarmed Combat | 4 5 6 7 9 10 | 10.4
Armour         | 1 2 3 |  3.7
Dodging        | 3 4 5 6 9 |  9.3
Stealth        | 1 2 3 |  3.2
Fighting       | 2 3 5 |  5.1
Throwing       | 1 2 |  2.1
Spellcasting   | 3 4 |  4.7
Conjurations   | 3 4 |  4.7
Hexes          | 3 4 |  4.7
Summonings     | 3 4 |  4.7
Necromancy     | 3 4 |  4.7
Translocations | 3 4 |  4.7
Fire Magic     | 3 4 |  4.7
Ice Magic      | 3 4 |  4.7
Air Magic      | 3 4 |  4.7
Earth Magic    | 3 4 |  4.7
Alchemy        | 3 4 |  4.7
Shields        | 1 |  1.0

Action                     |  1- 3 |  4- 6 |  7- 9 | 10-12 || total
---------------------------+-------+-------+-------+-------++-------
  Melee: Unarmed           |    75 |   168 |   416 |   326 ||   985
         Punch             |     1 |     7 |    10 |    25 ||    43
  Throw: Boomerang         |       |       |    28 |    44 ||    72
         Dart              |       |       |     6 |    24 ||    30
   Cast: Foxfire           |       |       |       |    41 ||    41
         Summon Ice Beast  |       |       |       |    21 ||    21
 Invoke: Serpent's Lash    |       |       |       |     5 ||     5
Ability: Lunge             |       |     2 |    33 |    18 ||    53
         Whirlwind         |       |       |    16 |    32 ||    48
         Wall Jump         |       |       |     8 |     4 ||    12
    Use: Scroll            |       |     2 |    11 |     4 ||    17
         Potion            |       |     1 |     4 |     1 ||     6
   Stab: Sleeping          |       |     1 |     2 |     3 ||     6
         Distracted        |       |     1 |       |       ||     1
         Invisible         |       |       |       |     6 ||     6
 Armour: Animal skin       |    35 |    16 |       |       ||    51
         Leather armour    |       |    71 |   201 |    53 ||   325
         Skin              |       |     4 |     3 |       ||     7
         Steam dragon scal |       |       |       |    88 ||    88
  Dodge: Dodged            |    38 |    75 |   207 |   161 ||   481
  Block: Other             |       |       |       |    26 ||    26
         Reflection        |       |       |       |     1 ||     1
         Form:             |       |       |       |     1 ||     1

Table legend: (Time is in decaauts)
 A = Elapsed time spent in this place.
 B = Non-inter-level travel time spent in this place.
 C = Inter-level travel time spent in this place.
 D = Time resting spent in this place.
 E = Time spent auto-exploring this place.
 F = Levels seen in this place.
 G = Mean time per level.
                   A        B        C        D        E       F      G
               +--------+--------+--------+--------+--------+-----+--------+
         Total |  14547 |  13466 |   1081 |   4065 |   6118 |  13 | 1119.0 |
       Dungeon |  13982 |  12901 |   1081 |   3936 |   5916 |  10 | 1398.2 |
        Temple |     37 |     37 |      0 |      0 |      0 |   1 |   37.0 |
          Lair |    231 |    231 |      0 |     29 |    102 |   1 |  231.0 |
         Sewer |    296 |    296 |      0 |    100 |    100 |   1 |  296.0 |
               +--------+--------+--------+--------+--------+-----+--------+

Top non-repeatable levels by time:
     D:6: 2009 daAuts
     D:4: 1777 daAuts
     D:7: 1522 daAuts
     D:8: 1458 daAuts
     D:5: 1383 daAuts
     D:9: 1377 daAuts
    D:10: 1345 daAuts
     D:3: 1185 daAuts
     D:1: 1019 daAuts
     D:2: 903 daAuts
   Sewer: 296 daAuts
  Lair:1: 231 daAuts
  Temple: 37 daAuts
